TKirby, chaotic male elven Ranger --------------- ########################################-.............| ------ # ------------- |......)......| |..{.|#######|...........| ##-............*| |.>..| #|...........| # --------------- |....| #|...........| ### |.....#######|...........| # |....| #+.......<....######## ### ---.-- #------------- #### # # ################# -----# ### ### # |...|# # # ###|...|#### ------------ ### #-...|#j# ------- ####...........| -------.---- |....#@# |.....| ` |..........| |..........| ----- ##....^.-[######|..).......| |..........| |.....| #-..........| |........... |.....| |..........| ------------ ------- ------------ TKirby the Lookout Experience level: 4 Strength: 17 Dexterity: 12 Constitution: 16 Intelligence: 14 Wisdom: 14 Charisma: 7 Health: 0(31) Energy: 32(32) Def: 13 Gold: 848 Moves: 3449 Dungeon seed: 2Xp8Q6QknsyvjQGt Game ID: TKirby_1507567541 Your Inventory: Coins $ - 848 gold pieces Weapons a - the +1 Sting (alternate weapon; not wielded) b - a +1 elven bow (weapon in hand) c - 48 +2 elven arrows (in quiver) d - 30 +0 elven arrows Armor e - an uncursed +2 elven cloak (being worn) F - an uncursed +0 dwarvish roundshield (being worn) G - an uncursed +0 pair of iron shoes (being worn) Y - an uncursed +0 dwarvish mithril-coat (being worn) Comestibles f - 3 uncursed lembas wafers Scrolls x - a cursed scroll of enchant weapon Potions g - an uncursed potion of sickness h - a blessed potion of fruit juice s - a cursed potion of speed t - a cursed potion of gain level v - an uncursed potion of restore ability z - a blessed potion of levitation D - an uncursed potion of booze E - an uncursed potion of object detection Wands w - a wand of polymorph (0:8) C - a wand of enlightenment (0:15) Gems q - an uncursed worthless piece of white glass y - an uncursed worthless piece of black glass N - an uncursed worthless piece of orange glass Spells and supernatural/magical abilities: Name Level Category Fail Memory n - detect monsters 1 divination 100% 89% W - pray for help -- divine ? -- Your skills at the end: Fighting Skills Weapon Skills dagger [Basic] bow [Basic] Spellcasting Skills Final Attributes: You were piously aligned. You were sleep resistant. You had automatic searching. You had infravision. You were stealthy. You are dead. Vanquished creatures: a giant ant a little dog a kitten a dwarf 2 rothes a hobbit a large kobold a hobgoblin a giant rat a brown mold 2 yellow molds 2 red molds 4 gnome zombies 3 geckos 6 jackals a fox 4 goblins a grid bug a lichen a kobold zombie 10 newts 46 creatures vanquished. Voluntary challenges: You used a wielded weapon 41 times, starting on turn 18. You read items or engraved 1 time, starting on turn 1050. You never genocided any monsters. You never polymorphed an object. You never changed form. You used no wishes. You never split a pudding. You never wrote Elbereth's name. You never violated your personal moral code. Dungeon overview: The Dungeons of Doom: levels 1 to 6 Level 1 an altar to Mars a long staircase Level 2 a general store a long staircase Level 3 a general store, a fountain Level 4 Level 5 a general store, a fountain Level 6 <- You were here a fountain History has recorded: On T:1 you entered the Dungeons of Doom to retrieve the Amulet of Yendor! On T:294 you advanced to experience level 2. On T:726 you reached level 2 of The Dungeons of Doom. On T:1491 you advanced to experience level 3. On T:1526 you reached level 3 of The Dungeons of Doom. On T:2241 you reached level 4 of The Dungeons of Doom. On T:2660 you reached level 5 of The Dungeons of Doom. On T:2662 you advanced to experience level 4. On T:3059 you reached level 6 of The Dungeons of Doom. Score breakdown: Gold: 848 ( 9963 points) Experience: 4 levels ( 9649 points) Exploration: 6 levels ( 12.24%) ( 9682 points) Discoveries: 3 items ( 1.03%) ( 3051 points) Valuables value: (no points given unless you survive) Artifact value: 800 ( 9877 points) Variety of kills: 21 monsters ( 5.51%) ( 7043 points) Turncount: 3449 turns ( -806 points) Survival: died (score multiplied by 80%) Total score: 38767 Latest messages: You have a little trouble lifting F - a large round shield. You have a little trouble lifting G - a pair of hard shoes. Your movements are slowed slightly because of your load. You drop a +0 splint mail. Your movements are now unencumbered. You start equipping your dwarvish mithril-coat. You take off your elven cloak. You are now wearing a dwarvish mithril-coat. You are now wearing an elven cloak. You start equipping your pair of hard shoes. You are now wearing a pair of hard shoes. You start equipping your large round shield. You are now holding a large round shield. You drop a piece of cloth. c - 2 +2 elven arrows (in quiver). Nowhere else around here can be automatically explored. (2x) You begin bashing monsters with your elven bow. You hit the blue jelly. You are suddenly very cold! You die... Final status: Goodbye TKirby the Ranger, killed by a blue jelly... You died in The Dungeons of Doom on dungeon level 6 with 38767 points, and 848 pieces of gold, after 3449 moves. You were level 4 with a maximum of 31 hit points when you died.